 Dungeon Crawl Stone Soup version 0.29.1-13-g9f3cf754e1 (webtiles) character file.

Game seed: 17341277571584404586

8581 Nestorn the Basher (level 11, -10/89 HPs)
             Began as a Gnoll Chaos Knight on Feb 8, 2023.
             Was a Plaything of Xom.
             Mangled by Urug
             ... wielding a +0 vampiric war axe
              (18 damage)
             ... on level 2 of the Lair of Beasts.
             The game lasted 00:48:56 (8265 turns).

Nestorn the Basher (Gnoll Chaos Knight)             Turns: 8265, Time: 00:48:57

Health: -10/89     AC: 17    Str: 14    XL:     11   Next: 33%
Magic:  20/20      EV: 15    Int: 13    God:    Xom [....*.]
Gold:   464        SH:  8    Dex: 18    Spells: 22/22 levels left

rFire   + . .      SeeInvis .   H - +9 hand axe of Profit {venom, Str+3}
rCold   . . .      Faith    .   Q - +2 buckler
rNeg    . . .      Spirit   .   b - +3 leather armour
rPois   +          Reflect  .   v - +2 helmet of Elyplik {rF+}
rElec   .          Harm     .   R - scarf {+Inv}
rCorr   +          Rampage  .   (no gloves)
Will    .....                   L - +0 pair of boots
Stlth   +++.......              (no amulet)
HPRegen 0.24/turn               i - ring "Ystromy" {rPois rCorr AC+4 Str-4 Dex+7}
MPRegen 0.17/turn               (no ring)

@: weak-willed, unable to drink
A: fangs 1, strong nose, distributed training, iridescent scales 1, deformed
body, shaggy fur 1, inability to drink after injury 1
a: Renounce Religion, Evoke Invisibility


You were on level 2 of the Lair of Beasts.
You worshipped Xom.
You were a beloved toy of Xom.
You visited 2 branches of the dungeon, and saw 9 of its levels.

You collected 464 gold pieces.

Inventory:

Hand Weapons
 a - a +0 mace of flaming
 g - a +0 dagger of speed
 H - the +9 hand axe of Profit (weapon) {venom, Str+3}
   (You found it on level 3 of the Dungeon)

   It poisons the flesh of those it strikes.
   Str:       It affects your strength (+3).
 O - a +3 hand axe
Missiles
 h - 56 stones
 n - 6 atropa-tipped darts
 r - 15 poisoned darts
 E - 2 silver boomerangs
 J - 5 boomerangs
Armour
 b - a +3 leather armour (worn)
 p - +0 acid dragon scales
 s - a +1 leather armour of positive energy
 v - the +2 helmet of Elyplik (worn) {rF+}
   (You found it on level 2 of the Dungeon)

   rF:        It protects you from fire.
 A - a +0 ring mail
 B - a +0 robe
 K - +0 steam dragon scales
 L - a +0 pair of boots (worn)
 Q - a +2 buckler (worn)
 R - a scarf of invisibility (worn)
Magical Staves
 C - a staff of conjuration
Jewellery
 i - the ring "Ystromy" (left hand) {rPois rCorr AC+4 Str-4 Dex+7}
   (You acquired it on level 4 of the Dungeon)

   [ring of protection]

   AC:        It affects your AC (+4).
   Str:       It affects your strength (-4).
   Dex:       It affects your dexterity (+7).
   rPois:     It protects you from poison.
   rCorr:     It protects you from acid and corrosion.
Wands
 q - a wand of paralysis (10)
 t - a wand of roots (6)
Scrolls
 l - a scroll of brand weapon
 m - 8 scrolls of teleportation
 u - 4 scrolls of identify
 y - 3 scrolls of enchant armour
 G - a scroll of butterflies
 N - a scroll of summoning {unknown}
Potions
 d - 3 potions of ambrosia
 e - a potion of cancellation
 f - 3 potions of brilliance
 j - a potion of curing
 k - 5 potions of attraction
 w - a potion of berserk rage {unknown}
 x - 2 potions of mutation {unknown}
 z - a potion of might
 D - 2 potions of lignification {unknown}
 F - 3 potions of degeneration {unknown}
 I - a potion of flight {unknown}
Miscellaneous
 c - a piece from Xom's chessboard (14/15) (quivered)
 P - a tin of tremorstones (2/2)


   Skills:
 + Level 9.3 Fighting
 + Level 6.4 Short Blades
 + Level 6.4 Long Blades
 + Level 6.4 Axes
 + Level 9.3 Maces & Flails
 + Level 6.4 Polearms
 + Level 6.4 Staves
 + Level 6.4 Ranged Weapons
 + Level 6.4 Throwing
 + Level 8.0 Armour
 + Level 7.0 Dodging
 + Level 6.4 Stealth
 + Level 6.4 Shields
 + Level 6.4 Unarmed Combat
 + Level 6.4 Spellcasting
 + Level 5.3 Conjurations
 + Level 5.3 Hexes
 + Level 5.3 Summonings
 + Level 5.3 Necromancy
 + Level 5.3 Translocations
 + Level 5.3 Transmutations
 + Level 5.3 Fire Magic
 + Level 5.3 Ice Magic
 + Level 5.3 Air Magic
 + Level 5.3 Earth Magic
 + Level 5.3 Poison Magic
 + Level 7.0 Invocations
 + Level 6.4 Evocations


You had 22 spell levels left.
You didn't know any spells.
Your spell library contained the following spells:

 Spells                   Type           Power      Damage    Failure   Level
 Static Discharge         Conj/Air       18%        3-6/arc   4%          2
 Lightning Bolt           Conj/Air       9%         1d21      58%         5
 Maxwell's Capacitive Co  Air            9%         ∞         100%        8


Dungeon Overview and Level Annotations

Branches:
Dungeon (8/15)             Temple (0/1) D:4            Lair (2/5) D:8
  Snake (0/4) Lair:2
  Swamp: Lair:2-3    Shoals: Lair:2-3

Altars:
Dithmenos
Sif Muna

Annotations:
Lair:2 Urug


Innate Abilities, Weirdness & Mutations

You have very sharp teeth.
Your uncanny sense of smell can sniff out nearby items.
Your experience applies equally to all skills.
You are partially covered in iridescent scales. (AC +2)
Armour fits poorly on your strangely shaped body.
You are covered in fur. (AC +1)
You occasionally lose the ability to drink potions when taking damage.


Message History

Aiming: Paralyse
Press: ? - help, Shift-Dir - straight line, f - Urug
Aim: Urug, wielding a +0 vampiric war axe, wearing a +3 scale mail of poison resistance and quivering javelins (lightly wounded, strong, chance to affect: 47%) Urug resists with some effort.
Urug throws a javelin.
The javelin pierces through you!
Aiming: Paralyse
Press: ? - help, Shift-Dir - straight line, f/p - Urug
Aim: Urug, wielding a +0 vampiric war axe, wearing a +3 scale mail of poison resistance and quivering javelins (lightly wounded, strong, chance to affect: 47%) Urug resists with some effort.
You make a move on Xom's chessboard...
Urug resists with some effort.
You hit Urug.
Urug is poisoned.
Urug is moderately wounded.
Urug closely misses you.
You hit Urug but do no damage. Your bite misses Urug.
Urug is moderately wounded.
Urug hits you with a +0 vampiric war axe!
You hit Urug.
Urug looks as sick as possible!
Urug is moderately wounded.
Urug no longer looks unusually strong.
Urug barely misses you.
You hit Urug but do no damage.
Urug looks as sick as possible!
You bite Urug, but do no damage.
Urug is moderately wounded.
Urug hits you with a +0 vampiric war axe!
You feel threatened and lose the ability to drink potions!
Urug draws strength from your wounds!
You slash Urug!
Urug looks as sick as possible!
Urug is heavily wounded.
Urug hits you with a +0 vampiric war axe!
* * * LOW HITPOINT WARNING * * *
You hit Urug but do no damage.
Urug looks as sick as possible!
Urug is heavily wounded.
Urug hits you with a +0 vampiric war axe!
* * * LOW HITPOINT WARNING * * *
You cannot drink potions in your current state!
As you read the scroll labelled WISHOE QURARO, it crumbles to dust.
Magic quickly surges around you.
It was a scroll of vulnerability.
Xom is amused.
Urug hits you with a +0 vampiric war axe!!
You die...
Xom giggles madly!

# .......†.# ## .#####..##
∆ .# ##...# .## #....#
.)## #.b..# ...#####
#b.### ....P..# ##..# # .
.......###...#######.#....
##.#.....#...P##@.......#
#####.........o.....#....
##....P.......#.# . ## ##
###..>.##...####
.#..####..P..######
.#....#....P.#
.........#..#.#
........###..... .##.####
#..P#.


You could see Urug (extremely poisoned, weak-willed).

Vanquished Creatures
  A black mamba (Lair:1)
  2 komodo dragons
  A queen bee (Lair:1)
  2 polar bears (Lair:1)
  Prince Ribbit (D:7)
  6 yaks
  3 wyverns
  3 steam dragons (D:7)
  Menkaure (D:7)
  An acid dragon (D:8)
  7 water moccasins
  An ice beast (D:8)
  2 orc warriors (D:7)
  2 black bears (Lair:1)
  An ogre (D:4)
  2 phantoms
  8 bullfrogs
  3 scorpions
  A necrophage (D:7)
  24 killer bees
  2 howler monkeys (D:7)
  2 hounds (D:7)
  2 orc priests (D:7)
  An iguana (D:4)
  An orc wizard (D:8)
  16 gnolls
  4 adders
  A white imp (D:7)
  An ufetubus (D:3)
  3 worms
  4 dart slugs
  15 orcs
  4 endoplasms
  5 giant cockroaches
  32 goblins
  29 hobgoblins
  13 jackals
  4 quokkas
  6 ball pythons
  8 bats
  3 frilled lizards
  8 kobolds
  5 rats
  A spectral kobold (D:1)
242 creatures vanquished.

Vanquished Creatures (collateral kills)
  A black mamba (Lair:2)
  4 yaks
  A water moccasin (Lair:2)
  A howler monkey (D:7)
  An orc wizard (D:7)
8 creatures vanquished.

Vanquished Creatures (others)
  A black mamba (Lair:2)
  A bullfrog (D:7)
  A dart slug zombie (D:2)
  12 fungi
  25 plants
40 creatures vanquished.

Grand Total: 290 creatures vanquished

Notes
Turn   | Place    | Note
-------+----------+-------------------------------------------
     0 | D:1      | Nestorn the Gnoll Chaos Knight began the quest for the Orb.
     0 | D:1      | Reached XP level 1. HP: 23/23 MP: 1/1
   151 | D:1      | Reached XP level 2. HP: 26/29 MP: 2/2
   188 | D:1      | XOM: silly message
   221 | D:1      | XOM: silly message
   271 | D:1      | Reached XP level 3. HP: 27/35 MP: 3/3
   401 | D:1      | Found a faded altar of an unknown god.
   472 | D:1      | Reached skill level 1 in Invocations
   678 | D:1      | Reached skill level 1 in Short Blades
   678 | D:1      | Reached skill level 1 in Long Blades
   678 | D:1      | Reached skill level 1 in Axes
   678 | D:1      | Reached skill level 1 in Polearms
   678 | D:1      | Reached skill level 1 in Staves
   678 | D:1      | Reached skill level 1 in Ranged Weapons
   678 | D:1      | Reached skill level 1 in Throwing
   678 | D:1      | Reached skill level 1 in Stealth
   678 | D:1      | Reached skill level 1 in Shields
   678 | D:1      | Reached skill level 1 in Unarmed Combat
   678 | D:1      | Reached skill level 1 in Spellcasting
   678 | D:1      | Reached skill level 1 in Evocations
   798 | D:1      | XOM: silly message
   870 | D:2      | XOM: cloud trail
   951 | D:2      | Reached XP level 4. HP: 41/41 MP: 5/5
   955 | D:2      | XOM: noise
   997 | D:2      | Reached skill level 1 in Conjurations
   997 | D:2      | Reached skill level 1 in Hexes
   997 | D:2      | Reached skill level 1 in Summonings
   997 | D:2      | Reached skill level 1 in Necromancy
   997 | D:2      | Reached skill level 1 in Translocations
   997 | D:2      | Reached skill level 1 in Transmutations
   997 | D:2      | Reached skill level 1 in Fire Magic
   997 | D:2      | Reached skill level 1 in Ice Magic
   997 | D:2      | Reached skill level 1 in Air Magic
   997 | D:2      | Reached skill level 1 in Earth Magic
   997 | D:2      | Reached skill level 1 in Poison Magic
  1193 | D:2      | XOM: 3-stop teleportation journey
  1386 | D:2      | Identified the +2 helmet of Elyplik {rF+}
  1390 | D:2      | XOM: 2-stop teleportation journey
  1435 | D:2      | XOM: cloud trail
  1692 | D:2      | XOM: divination: detect creatures
  1789 | D:2      | XOM: cloud trail
  1857 | D:2      | Reached XP level 5. HP: 47/47 MP: 7/7
  2293 | D:3      | Identified the +9 hand axe of Profit {venom, Str+3}
  2398 | D:3      | XOM: noise
  2762 | D:4      | XOM: potion effect (curing)
  2769 | D:4      | Reached XP level 6. HP: 49/53 MP: 8/8
  2817 | D:4      | Found a staircase to the Ecumenical Temple.
  2823 | D:4      | XOM: 3-stop teleportation journey
  2831 | D:4      | Reached skill level 5 in Armour
  2917 | D:4      | XOM: confuse monster(s)
  2928 | D:4      | Reached XP level 7. HP: 27/60 MP: 10/10
  2930 | D:4      | Identified a scroll of acquirement
  2930 | D:4      | Acquired the ring "Ystromy" {rPois rCorr AC+4 Str-4 Dex+7}
  2933 | D:4      | XOM: enchant monster (bad)
  3041 | D:4      | XOM: silly message
  3280 | D:4      | XOM: divination: detect creatures
  3320 | D:4      | XOM: summons 4 hostile demons
  3620 | D:4      | Found a shimmering blue altar of Sif Muna.
  3643 | D:4      | XOM: summons 1 hostile demon
  3773 | D:4      | XOM: give mutations
  3773 | D:4      | Gained mutation: You are partially covered in iridescent
                  | scales. (AC +2) [Xom's grace]
  3773 | D:4      | Gained mutation: Your mind is acute. (Int +4, Str/Dex -1)
                  | [Xom's grace]
  3773 | D:4      | Gained mutation: You are covered in fur. (AC +1) [Xom's
                  | grace]
  3987 | D:4      | Reached XP level 8. HP: 64/67 MP: 12/12
  4410 | D:5      | Entered Level 5 of the Dungeon
  4414 | D:5      | You fall into a shaft and drop 2 floors!
  4461 | D:7      | Found a shadowy altar of Dithmenos.
  4480 | D:7      | XOM: summons 2 friendly demons
  4955 | D:7      | Reached XP level 9. HP: 71/73 MP: 13/15
  4973 | D:7      | XOM: give mutations
  4973 | D:7      | Gained mutation: Armour fits poorly on your strangely
                  | shaped body. [Xom's mischief]
  4973 | D:7      | Lost mutation: Your mind is acute. (Int +4, Str/Dex -1)
                  | [Xom's mischief]
  4973 | D:7      | Gained mutation: You occasionally lose the ability to drink
                  | potions when taking damage. [Xom's mischief]
  4990 | D:7      | Noticed Menkaure
  4990 | D:7      | XOM: 2-stop teleportation journey
  4996 | D:7      | XOM: potion effect (invisibility)
  5000 | D:7      | Killed Menkaure
  5034 | D:7      | Noticed Prince Ribbit
  5039 | D:7      | XOM: cast spell 'Leda's Liquefaction'
  5045 | D:7      | Reached skill level 5 in Dodging
  5046 | D:7      | Killed Prince Ribbit
  5148 | D:8      | Found a staircase to the Lair.
  5149 | D:8      | Noticed a komodo dragon
  5168 | D:8      | Killed a komodo dragon
  5169 | D:8      | Reached skill level 5 in Invocations
  5382 | D:8      | XOM: summons 2 friendly demons
  5473 | D:8      | XOM: polymorph bullfrog -> scorpion
  5492 | D:8      | XOM: cast spell 'Summon Hydra'
  5494 | D:8      | Reached skill level 5 in Short Blades
  5494 | D:8      | Reached skill level 5 in Long Blades
  5494 | D:8      | Reached skill level 5 in Axes
  5494 | D:8      | Reached skill level 5 in Polearms
  5494 | D:8      | Reached skill level 5 in Staves
  5494 | D:8      | Reached skill level 5 in Ranged Weapons
  5494 | D:8      | Reached skill level 5 in Throwing
  5494 | D:8      | Reached skill level 5 in Stealth
  5494 | D:8      | Reached skill level 5 in Shields
  5494 | D:8      | Reached skill level 5 in Unarmed Combat
  5494 | D:8      | Reached skill level 5 in Spellcasting
  5494 | D:8      | Reached skill level 5 in Evocations
  5494 | D:8      | Reached XP level 10. HP: 35/81 MP: 17/17
  5764 | D:8      | XOM: god gift: staff of conjuration
  5975 | D:8      | XOM: silly message
  6141 | Lair:1   | Entered Level 1 of the Lair of Beasts
  6202 | Lair:1   | XOM: divination: magic mapping
  6476 | Lair:1   | XOM: noise
  6478 | Lair:1   | XOM: cast spell 'Summon Small Mammal'
  6536 | Lair:1   | XOM: silly message
  6896 | Lair:1   | XOM: 1-stop teleportation journey
  6981 | Lair:1   | XOM: 1-stop teleportation journey
  7248 | Lair:1   | Noticed a black mamba
  7261 | Lair:1   | Killed a black mamba
  7410 | Lair:1   | XOM: 2-stop teleportation journey
  7437 | Lair:1   | XOM: potion effect (curing)
  7667 | Lair:1   | XOM: god gift: scroll of noise
  7792 | Lair:2   | Noticed a black mamba
  7795 | Lair:2   | XOM: cast spell 'Disjunction'
  7796 | Lair:2   | XOM: summons 10 friendly demons
  7804 | Lair:2   | XOM: divination: detect items
  7807 | Lair:2   | Killed a black mamba
  7808 | Lair:2   | Reached skill level 5 in Conjurations
  7808 | Lair:2   | Reached skill level 5 in Hexes
  7808 | Lair:2   | Reached skill level 5 in Summonings
  7808 | Lair:2   | Reached skill level 5 in Necromancy
  7808 | Lair:2   | Reached skill level 5 in Translocations
  7808 | Lair:2   | Reached skill level 5 in Transmutations
  7808 | Lair:2   | Reached skill level 5 in Fire Magic
  7808 | Lair:2   | Reached skill level 5 in Ice Magic
  7808 | Lair:2   | Reached skill level 5 in Air Magic
  7808 | Lair:2   | Reached skill level 5 in Earth Magic
  7808 | Lair:2   | Reached skill level 5 in Poison Magic
  7808 | Lair:2   | Reached XP level 11. HP: 62/89 MP: 18/20
  7815 | Lair:2   | XOM: confuse monster(s)
  7821 | Lair:2   | XOM: summons 5 friendly demons
  8098 | Lair:2   | XOM: divine lightning
  8182 | Lair:2   | Found a staircase to the Snake Pit.
  8203 | Lair:2   | Noticed Urug
  8221 | Lair:2   | XOM: scenery: summon butterflies
  8265 | Lair:2   | Mangled by Urug

Illustrated notes

Levels and vault maps discovered:
D:1:      heliophobic_arrival_enchanted_forest, layout_rooms,
          dreamdust_ecumenical_altar_drowned_temple
D:2:      layout_loops_ring
D:3:      layout_loops_ring
D:4:      minmay_goblin_kobold_castle, layout_basic,
          mainiacjoe_overflow_alcove_1, temple_green
D:5:      layout_cave_pools, serial_shops, nicolae_stop_n_shop_2, shop_statue,
          shop, uniq_ijyb, uniq_duvessa, uniq_pikel
D:7:      layout_gridville, nicolae_dithmenos_through_a_glass_darkly,
          kennysheep_decorative_pillar, kennysheep_generic_room_6,
          uniq_prince_ribbit1, uniq_menkaure
D:8:      layout_basic, david_lair_shrubbed
Lair:1:   layout_loops_ring, special_room [special_room_bee],
          infiniplex_staircase_pool
Lair:2:   layout_cave_pods, nicolae_swamp_entry_splash_gauntlet,
          minmay_snake_entry_six_corridors, uniq_urug

Skill      XL: |  1  2  3  4  5  6  7  8  9 10 11 |
---------------+----------------------------------+-----
Invocations    | 1 2 3 4 5 6 7 |  7.0
Short Blades   | 1 2 3 4 5 6 |  6.4
Long Blades    | 1 2 3 4 5 6 |  6.4
Axes           | 1 2 3 4 5 6 |  6.4
Polearms       | 1 2 3 4 5 6 |  6.4
Staves         | 1 2 3 4 5 6 |  6.4
Ranged Weapons | 1 2 3 4 5 6 |  6.4
Throwing       | 1 2 3 4 5 6 |  6.4
Stealth        | 1 2 3 4 5 6 |  6.4
Shields        | 1 2 3 4 5 6 |  6.4
Unarmed Combat | 1 2 3 4 5 6 |  6.4
Spellcasting   | 1 2 3 4 5 6 |  6.4
Evocations     | 1 2 3 4 5 6 |  6.4
Conjurations   | 1 2 3 4 5 |  5.3
Hexes          | 1 2 3 4 5 |  5.3
Summonings     | 1 2 3 4 5 |  5.3
Necromancy     | 1 2 3 4 5 |  5.3
Translocations | 1 2 3 4 5 |  5.3
Transmutations | 1 2 3 4 5 |  5.3
Fire Magic     | 1 2 3 4 5 |  5.3
Ice Magic      | 1 2 3 4 5 |  5.3
Air Magic      | 1 2 3 4 5 |  5.3
Earth Magic    | 1 2 3 4 5 |  5.3
Poison Magic   | 1 2 3 4 5 |  5.3
Dodging        | 3 4 5 6 7 |  7.0
Armour         | 5 6 7 8 |  8.0
Fighting       | 7 8 9 |  9.3
Maces & Flails | 7 8 9 |  9.3

Action                   |  1- 3 |  4- 6 |  7- 9 | 10-12 || total
-------------------------+-------+-------+-------+-------++-------
Melee: Mace              |   101 |   103 |       |       ||   204
       Bite              |    11 |    12 |    19 |    14 ||    56
       Punch             |     3 |     3 |     2 |     3 ||    11
       Hand axe          |       |    56 |   201 |   194 ||   451
Evoke: Piece from Xom's  |     1 |       |     2 |     2 ||     5
       Wand              |       |       |       |     2 ||     2
  Use: Scroll            |     1 |     3 |     7 |     3 ||    14
       Potion            |       |       |     4 |     4 ||     8
 Stab: Sleeping          |     1 |     1 |     4 |     1 ||     7
       Petrified         |       |     1 |       |       ||     1
       Distracted        |       |       |     1 |     3 ||     4
       Invisible         |       |       |     3 |       ||     3
Armor: Leather armour    |    74 |    90 |    91 |   119 ||   374
Dodge: Dodged            |   135 |   144 |   135 |   214 ||   628
Block: Buckler           |       |       |       |    16 ||    16
